Map: Ever Dream LE

Players

Trap - Winner!

  • Race: Protoss Protoss
  • Spawn Location: 1:00

HeroMarine

  • Race: Terran Terran
  • Spawn Location: 7:00

Event: DreamHack SC2 Masters 2020 Summer Season Finals

VOD

Have the link to the VOD?

Description

Time

  • Played on: July 18, 2020, 9:34 a.m.
  • Length: 8:32

All games in this series

Show
View Real Time Build Order
Export as new Build Order

Trap Protoss - Winner!

Build Orders: 1 Gate Expand, Blink Stalkers 

Get SALT Encoding   

  12  0:00  Probe  
  13  0:12  Probe  
  14  0:17  Pylon  
  14  0:24  Probe  
  15  0:32  Probe  
  15  0:36  Gateway  
  15  0:40  Probe  
  16  0:45  Assimilator  
  17  0:51  Probe  
  18  1:03  Probe  
  19  1:15  Probe  
  20  1:24  Cybernetics Core  
  20  1:35  Nexus  
  20  1:40  Pylon  
  20  1:43  Probe  
  21  1:48  Assimilator  
  21  1:50  Adept  
  21  1:55  Probe  
  21  2:01  Warp Gate  
  24  2:07  Probe  
  25  2:10  Adept  
  25  2:19  Probe  
  28  2:27  Twilight Council  
  28  2:31  Probe  
  29  2:40  Stalker  
  29  2:44  Probe  
  31  2:46  Probe  
  31  2:48  Blink  
  32  2:52  Probe  
  33  2:58  Probe  
  33  3:02  Probe  
  35  3:10  Probe  
  36  3:14  Probe  
  36  3:23  Robotics Facility, Probe  
  36  3:26  Probe  
  38  3:30  Gateway  
  38  3:35  Probe x2  
  38  3:43  Probe  
  38  3:47  Probe  
  40  3:49  Stalker  
  40  3:52  Probe  
  40  3:53  Pylon x2  
  43  3:59  Probe  
  42  4:04  Probe  
  43  4:11  Nexus  
  43  4:13  Observer  
  43  4:15  Probe  
  43  4:16  Probe  
  45  4:19  Stalker  
  47  4:25  Forge  
  47  4:27  Probe  
  47  4:29  Assimilator, Probe  
  49  4:34  Stalker  
  49  4:35  Observer  
  52  4:41  Probe x2  
  52  4:44  Stalker  
  52  4:45  Pylon  
  56  4:52  Gateway  
  56  4:53  Protoss Ground Weapons Level 1  
  56  4:54  Probe x2  
  58  5:00  Stalker  
  60  5:08  Charge  
  60  5:10  Probe x2  
  60  5:14  Observer  
  63  5:17  Pylon  
  63  5:24  Gateway  
  63  5:26  Gateway  
  63  5:30  Probe x2  
  63  5:31  Warp Prism, Probe  
  62  5:41  Sentry x2  
  68  5:46  Gateway x2  
  68  5:48  Gateway  
  68  5:51  Probe x2  
  68  5:52  Probe  
  68  5:55  Sentry  
  73  5:58  Immortal  
  73  5:59  Pylon  
  73  6:03  Probe x2  
  74  6:04  Probe  
  79  6:15  Probe x2  
  79  6:16  Probe  
  82  6:22  Assimilator x2, Pylon  
  82  6:25  Zealot x4  
  87  6:30  Assimilator  
  89  6:32  Templar Archives  
  89  6:33  Pylon  
  89  6:35  Immortal  
  89  6:41  Probe x3  
  89  6:42  Pylon  
  96  6:54  Probe  
  97  7:00  Zealot  
  97  7:01  Zealot x3  
  103  7:03  Psionic Storm, Shield Battery  
  103  7:09  Zealot  
  103  7:10  Zealot x2  
  103  7:14  Zealot  
  111  7:18  Immortal  
  115  7:30  Pylon  
  115  7:32  High Templar x2, Pylon  
  119  7:38  High Templar  
  119  7:43  Zealot  
  119  7:44  Zealot  
  125  7:48  Pylon  
  125  7:49  Pylon  
  125  7:51  Pylon  
  113  8:09  High Templar x2, Zealot x2  
  113  8:12  Zealot x3  
  121  8:13  Archon, Zealot  
  121  8:27  Archon  
Show
View Real Time Build Order
Export as new Build Order

HeroMarine Terran 

Build Orders: Reaper Expand 

Get SALT Encoding   

  12  0:01  SCV  
  13  0:13  SCV  
  14  0:17  Supply Depot  
  14  0:25  SCV  
  15  0:38  SCV  
  15  0:40  Barracks  
  16  0:43  Refinery  
  16  0:50  SCV  
  17  1:03  SCV  
  18  1:15  SCV  
  19  1:27  Orbital Command, Reaper  
  20  1:45  Command Center  
  20  1:53  SCV  
  21  1:56  Supply Depot  
  21  1:58  Marine  
  22  2:05  SCV  
  23  2:10  Factory  
  23  2:18  SCV  
  23  2:20  Barracks Reactor  
  24  2:24  Bunker  
  24  2:30  SCV  
  24  2:34  Refinery  
  25  2:42  SCV  
  26  2:45  Barracks  
  25  2:54  SCV  
  25  2:56  Factory Tech Lab  
  25  2:57  Marine  
  25  2:58  Marine  
  25  3:06  SCV  
  25  3:14  Cyclone  
  25  3:15  Marine  
  25  3:16  Marine  
  25  3:19  SCV  
  30  3:21  Orbital Command  
  30  3:32  SCV  
  30  3:33  Marine x2  
  32  3:45  SCV  
  32  3:48  SCV  
  33  3:49  Barracks Tech Lab  
  33  3:51  Siege Tank  
  36  3:57  SCV  
  36  3:59  Marine  
  36  4:00  Marine, SCV  
  40  4:04  Supply Depot  
  40  4:08  Stimpack  
  40  4:11  SCV  
  40  4:12  SCV  
  42  4:21  Engineering Bay  
  42  4:23  SCV  
  43  4:24  Marine, SCV  
  43  4:25  Marine  
  43  4:26  Marine  
  47  4:31  Barracks  
  47  4:37  Siege Tank  
  50  4:40  SCV x2  
  50  4:44  Supply Depot  
  52  4:52  SCV x2  
  54  4:55  Terran Infantry Weapons Level 1  
  54  4:58  Supply Depot  
  54  5:05  Marine x2  
  54  5:06  SCV x2  
  58  5:10  Siege Tank, Refinery  
  60  5:18  SCV x2  
  60  5:19  Marine  
  62  5:21  Barracks Reactor  
  62  5:23  Marine x2  
  62  5:25  Supply Depot  
  64  5:30  SCV x2  
  63  5:37  Marine  
  63  5:41  Marine x2  
  63  5:42  SCV x2  
  65  5:45  Starport  
  65  5:50  Factory Reactor  
  65  5:51  Refinery  
  65  5:52  Combat Shield  
  65  5:54  SCV x2  
  68  5:57  Marine  
  68  5:58  Marine  
  68  5:59  Marine  
  68  6:00  Marauder  
  72  6:07  Supply Depot  
  72  6:10  Supply Depot  
  72  6:13  Barracks  
  72  6:15  Barracks  
  72  6:21  Marauder, Marine x4  
  78  6:30  Medivac x2  
  82  6:39  Marine x4  
  85  6:40  Factory Reactor  
  85  6:43  Marauder  
  85  6:44  Supply Depot  
  88  6:52  Supply Depot  
  88  7:00  Medivac x2  
  90  7:01  Marauder  
  90  7:04  Marauder  
  90  7:05  Barracks Tech Lab  
  90  7:07  Marine x2  
  96  7:09  Marine  
  96  7:11  Marine  
  98  7:16  Supply Depot  
  98  7:18  Supply Depot  
  98  7:23  Widow Mine x2  
  103  7:30  Marauder x3  
  103  7:32  Marine  
  103  7:36  Marine x2  
  110  7:38  Marine  
  110  7:42  Supply Depot  
  110  7:43  Concussive Shells  
  111  7:47  Medivac  
  112  7:51  Medivac  
  112  7:56  Marauder x2  
  112  7:57  Marine x2  
  118  8:00  Marine  
  114  8:05  Marine  
  114  8:08  Marine  
Tags
 
Add a new tag
Caveats
  • Supply blocks, unpowered buildings, or Contaminate may cause inaccurate times.
  • Supply counts are checked every 10 seconds.